 Dungeon Crawl Stone Soup version 0.31-a0-233-g139696dc86 (webtiles) character file.

Game seed: 10704509942456333108

450259 qw the Conqueror (level 24, -11/181 HPs)
             Began as a Gargoyle Hexslinger on July 9, 2023.
             Was a High Priest of Okawaru.
             Mangled by a deep troll (13 damage)
             ... led by an ironbound preserver
             ... on level 5 of the Vaults.
             The game lasted 00:26:02 (38810 turns).

qw the Conqueror (Gargoyle Hexslinger)             Turns: 38810, Time: 00:26:03

Health: -11/181    AC: 40    Str: 10    XL:     24   Next: 28%
Magic:  31/31      EV: 33    Int: 20    God:    Okawaru [*****.]
Gold:   2777       SH:  5    Dex: 25    Spells: 24/25 levels left

rFire   + . .        p - +1 triple crossbow (flame)
rCold   + . .        (shield currently unavailable)
rNeg    + . .        v - +3 troll leather armour {Snorg}
rPois   inf          k - +1 helmet "Nadov" {rElec rPois Str-5 Dex+5}
rElec   +            d - scarf {repulsion}
rCorr   .            e - +2 pair of gloves
SInv    +            z - +3 pair of boots of Life {Contam rElec Regen+ Int+5}
Will    ++...        h - amulet of reflection
Stlth   ++++         a - ring "Laiweq" {*Slow rF+ rC+ Will+ Stlth+}
HPRegen 2.10/turn    w - ring of see invisible
MPRegen 0.22/turn

%: slow self (1%), repel missiles, reflection
@: heroic, flying, slowed, very slow
A: sickness immunity, AC +18, big wings, negative energy resistance 1,
electricity resistance, torment resistance 1, petrification resistance
}: 2/15 runes: decaying, gossamer
a: Renounce Religion, Heroism, Finesse, Duel


You were on level 5 of the Vaults.
You worshipped Okawaru.
Okawaru was extremely pleased with you.
You visited 8 branches of the dungeon, and saw 40 of its levels.
You also visited: Gauntlet.

You collected 5062 gold pieces.
You spent 2285 gold pieces at shops.


Innate Abilities, Weirdness & Mutations

You are immune to sickness and miasma.
Your stone body is resilient. (AC +18)
You are immune to poison.
Your large and strong wings let you fly.
You resist negative energy. (rN+)
You are resistant to electric shocks. (rElec)
You are resistant to unholy torment.
You are immune to petrification.


   Skills:
 O Level 27 Fighting
 - Level 22.0(27) Ranged Weapons
 - Level 15.0(20.0) Armour
 + Level 18.2(23.2) Dodging
 - Level 1.0 Spellcasting
 - Level 2.6 Hexes
 - Level 11.6 Invocations


You had 24 spell levels left.
You knew the following spells:

 Your Spells              Type           Power      Damage    Failure   Level
a - Slow                  Hex            44%        N/A       7%          1

Your spell library contained the following spells:

 Spells                   Type           Power      Damage    Failure   Level
 Inner Flame              Hex/Fire       6%         N/A       34%         3
 Portal Projectile        Hex/Tloc       12%        N/A       34%         3
 Cause Fear               Hex            5%         N/A       56%         4

Inventory:

Hand Weapons
 p - a +1 triple crossbow of flaming (weapon)
Armour
 d - a scarf of repulsion (worn)
 e - a +2 pair of gloves (worn)
 k - the +1 helmet "Nadov" (worn) {rElec rPois Str-5 Dex+5}
   (You bought it in a shop on level 8 of the Dungeon)

   Str:       It affects your strength (-5).
   Dex:       It affects your dexterity (+5).
   rElec:     It insulates you from electricity.
   rPois:     It protects you from poison.
 v - a +3 troll leather armour (worn) {Snorg}
 z - the +3 pair of boots of Life (worn) {Contam rElec Regen+ Int+5}
   (Okawaru gifted it to you on level 15 of the Dungeon)

   Int:       It affects your intelligence (+5).
   rElec:     It insulates you from electricity.
   Contam:    It causes magical contamination when unequipped.
   Regen:     It increases your rate of health regeneration.
 F - a +2 cloak
Jewellery
 a - the ring "Laiweq" (left hand) {*Slow rF+ rC+ Will+ Stlth+}
   (You found it in a Gauntlet)

   [ring of protection from fire]

   rF:        It protects you from fire.
   rC:        It protects you from cold.
   *Slow:     It may slow you when you take damage.
   Will:      It increases your willpower.
   Stlth:     It makes you more stealthy.
 b - a ring of protection from cold
 h - an amulet of reflection (around neck)
 i - a ring of resist corrosion
 j - a +6 ring of dexterity
 n - a ring of positive energy
 r - a ring of see invisible
 s - a +6 ring of strength
 w - a ring of see invisible (right hand)
 x - a ring of willpower
 y - a ring of protection from fire
 B - a ring of protection from cold
Wands
 q - a wand of digging (17)
Scrolls
 g - 18 scrolls of identify
 D - 3 scrolls of enchant armour
Potions
 c - 16 potions of curing
 f - 4 potions of magic
 l - 7 potions of might
 m - 6 potions of haste
 o - 4 potions of cancellation
 t - 15 potions of enlightenment
 u - 3 potions of mutation
 A - 2 potions of resistance

Dungeon Overview and Level Annotations

Branches:
Dungeon (15/15)            Temple (1/1) D:6            Lair (5/5) D:10
  Swamp (4/4) Lair:3       Spider (4/4) Lair:2        Slime (0/5) Lair:5
    Orc (2/2) D:11            Elf (0/3) Orc:2        Vaults (5/5) D:13
  Crypt (0/3) Vaults:2     Depths (4/4) D:15            Zot (0/5) Depths:4
Gauntlet (visited)

Altars:
Ashenzari
Cheibriados
Dithmenos
Elyvilon
Fedhas
Gozag
Hepliaklqana
Kikubaaqudgha
Makhleb
Nemelex Xobeh
Okawaru
Qazlal
Ru
Sif Muna
Trog
Uskayaw
Vehumet
Wu Jian
Xom
Yredelemnul
Zin
The Shining One
Lugonu

Shops:
D:1 **:   D:6 =   D:8 [   D:13 *!   Orc:2 (**(   Vaults:3 !   Depths:3 [

Portals:
Hell: Depths:1 Depths:2 Depths:3 Depths:4
Abyss: Depths:3 Depths:4
Pandemonium: Depths:2 Depths:3
Ziggurat: Depths:4
Trove: Depths:4 (give 5 scrolls of fear)

Annotations:
D:13 2 transporters, OceanMan's ghost, journeyman MiFi
Lair:5 1 runed translucent door
Swamp:2 exclusions: 3 bloated husks and 5 bog bodies
Swamp:3 1 runed translucent door, qw's ghost, adept GrFi
Orc:1 4 transporters
Vaults:4 1 runed translucent door
Depths:1 Nikola


Message History

The freezing wraith misses you. The vault guard misses you.
You hear a deafening roar!
You shoot a bolt. The bolt hits the deep troll!!
The bolt burns the deep troll!
You kill the deep troll!
Okawaru accepts your kill. The deep troll misses you.
You block the deep troll's attack. The deep troll claws you.
A deep troll comes into view.
The freezing wraith completely misses you.
You block the freezing wraith's attack. The vault guard misses you.
You shoot a bolt.
The bolt hits the deep troll but does no damage.
You hear a shout!
The ice devil disappears in a puff of smoke!
The deep troll barely misses you.
The deep troll claws you but does no damage.
The deep troll claws you. The deep troll closely misses you.
You block the deep troll's attack. The deep troll completely misses you.
The freezing wraith completely misses you.
The freezing wraith closely misses you.
The vault guard hits you from afar with a +3 bardiche.
You hear a shout! x3
You shoot a bolt. The bolt hits the deep troll.
The bolt burns the deep troll.
The deep troll is lightly wounded.
The deep troll barely misses you. The deep troll completely misses you.
The deep troll claws you!
You feel yourself slow down. The deep troll completely misses you.
The deep troll claws you but does no damage.
The deep troll misses you. The freezing wraith closely misses you.
The freezing wraith completely misses you.
You shoot a bolt. The bolt hits the deep troll!!
The bolt burns the deep troll!
The deep troll is almost dead.
You hear a shout!
The deep troll completely misses you. The deep troll claws you.
You block the deep troll's attack. The deep troll barely misses you.
The deep troll claws you! The deep troll misses you.
You block the freezing wraith's attack.
The freezing wraith hits you but does no damage.
The deep troll bites you!
You die...

. #....#.#.# #....#.# .
#.# #....#.# . #...# .)
#2#.# #D #1#Q#.#..
#.CC#.#[ #.#p#W#.)
#.#.#.#X#.# ..#
#.#.#.#@#.# ..#....#
#...#.#QTc# ..#....#
#.#.#.#T#.#
..#....#.#.#.#.Dp#.#
..#....#.#.#.#.#.#.#
..#....#.#.#...#...#
..#....#.#...#.#.#.)[
.%#....#.#G#.#.#.#.#...
).#.)..#.#.#...#.#.# #.


You could see a tentacled monstrosity, a titan, a quicksilver dragon, a stone
giant, 2 tengu reavers, a vault guard, 2 deep trolls, a yaktaur, a freezing
wraith and a hellion (summoned).

Vanquished Creatures
  Mennas (Vaults:2)
  A juggernaut (Depths:2)
  Bai Suzhen (Swamp:4)
  2 golden dragons
  7 caustic shrikes (Depths:4)
  Arachne (Spider:2)
  5 tentacled monstrosities
  Rupert (D:14)
  3 quicksilver dragons
  2 titans (Vaults:5)
  3 sphinxes
  A thorn hunter (Swamp:4)
  3 shadow dragons
  10 tengu reavers
  Agnes (Spider:2)
  4 storm dragons
  A revenant (Vaults:2)
  7 fire giants
  Kirke (D:15)
  5 emperor scorpions
  4 deep elf sorcerers (Vaults:5)
  A draconian knight (Depths:4)
  8 frost giants
  4 iron dragons
  19 vault wardens
  7 ghost moths
  An orc warlord (Vaults:1)
  A draconian scorcher (Depths:4)
  5 balrugs
  3 ghouls (Swamp:2)
  A war gargoyle (Vaults:5)
  14 very ugly things
  5 caustic shrike zombies (Depths:4)
  3 juggernaut zombies (Depths:4)
  18 ironbound preservers
  3 spriggan defenders (Depths:2)
  9 stone giants
  2 broodmothers (Spider:4)
  A formless jellyfish (Vaults:4)
  3 green draconians (Depths:4)
  3 vampire knights
  4 ironbound thunderhulks
  5 eleionomae
  A minotaur (Gauntlet)
  A black draconian (Depths:4)
  A yellow draconian (Depths:4)
  3 bunyips
  7 spark wasps
  A red draconian (Depths:4)
  A purple draconian (Depths:4)
  9 ettins
  A blizzard demon (Depths:1)
  A merfolk javelineer (Depths:3)
  Snorg (D:10)
  A quicksilver dragon zombie (Depths:4)
  A fire dragon (Depths:3)
  12 yaktaur captains
  A jiangshi (Vaults:2)
  2 spriggan zombies (Depths:4)
  Harold (Lair:1)
  11 entropy weavers
  2 deep elf death magi (Vaults:5)
  2 deep elf high priests
  20 vault guards
  A hell beast (Depths:1)
  2 rakshasas
  8 ice dragons
  8 radroaches
  21 hydras
  4 spriggan air magi
  11 great orbs of eyes
  A catoblepas (Lair:5)
  An ogre mage (Vaults:5)
  Erica (D:8)
  6 jorogumos
  11 ironbound frosthearts
  An anaconda (D:13)
  A radroach (shapeshifter) (D:13)
  5 two-headed ogres
  5 centaur warriors
  2 ghost crabs
  An anaconda (shapeshifter) (Vaults:5)
  19 death yaks
  5 boulder beetles
  11 alligators
  7 deep troll shamans
  7 titan zombies (Depths:4)
  6 tengu warriors
  3 vampire magi
  6 spriggan berserkers
  7 deep troll earth magi
  An orc high priest (Orc:1)
  A shock serpent (D:13)
  Urug (Lair:2)
  6 demonic crawlers
  A storm dragon zombie (Depths:4)
  3 hell knights (Depths:2)
  Nergalle (D:12)
  A deep elf knight (Vaults:5)
  2 soul eaters
  Amaemon (D:9)
  2 fire crabs
  3 sun demons (Depths:3)
  6 goliath frogs
  2 sixfirhies (Depths:3)
  4 iron trolls
  A skeletal warrior (D:15)
  4 skysharks
  2 pharaoh ants
  45 deep trolls
  3 sun moths (Spider:1)
  2 flayed ghosts
  9 bog bodies
  5 glowing orange brains
  11 orb spiders
  8 phantasmal warriors
  7 golden dragon zombies
  8 spriggan druids
  14 lindwurms
  11 swamp dragons
  12 wizards
  2 golden dragon skeletons (Depths:3)
  10 necromancers
  31 ironbound convokers
  10 orc knights
  4 steelbarb worms
  43 ugly things
  4 harpies (Vaults:2)
  A tengu zombie (D:15)
  2 iron dragon zombies (Depths:4)
  2 deep elf pyromancers
  A deep elf zephyrmancer (D:12)
  33 wolf spiders
  An oklob plant (Gauntlet)
  Pikel (D:4)
  6 cyclopes
  2 orc sorcerers
  2 moths of wrath (Spider:4)
  A frost giant skeleton (D:15)
  8 will-o-the-wisps
  4 manticores
  27 elephants
  A guardian serpent (Lair:2)
  Maurice (D:10)
  2 guardian serpents (shapeshifter)
  Joseph (D:8)
  A titan simulacrum (Vaults:4)
  8 spectral spriggans (Swamp:2)
  7 black mambas
  2 torpor snails
  4 smoke demons (Depths:3)
  19 vault sentinels
  An orange demon (D:9)
  9 cane toads
  4 rime drakes
  An efreet (D:14)
  2 freezing wraiths
  3 unseen horrors
  5 kobold demonologists
  An ice devil (Depths:3)
  2 tengu conjurers
  A guardian mummy (D:15)
  11 komodo dragons
  24 yaktaurs
  6 meliai
  5 polar bears
  A queen bee (shapeshifter) (D:15)
  33 tarantellas
  3 bloated husks (Swamp:2)
  20 hornets
  4 trolls
  10 tyrant leeches
  Prince Ribbit (D:5)
  22 blink frogs
  8 dream sheep
  A snapping turtle (shapeshifter) (Vaults:5)
  A human simulacrum (Vaults:4)
  3 water elementals
  Sigmund (D:4)
  45 slime creatures
  25 spriggans
  A ynoxinul (Depths:3)
  21 culicivoras
  3 shadows
  A spriggan skeleton (D:15)
  6 wyverns
  A vampire (D:10)
  29 jumping spiders
  2 basilisks
  62 yaks
  Eustachio (D:4)
  6 humans (D:15)
  4 fire bats (Gauntlet)
  2 steam dragons
  15 vampire mosquitoes
  4 wargs
  65 redbacks
  Menkaure (D:5)
  A glowing shapeshifter zombie (Depths:4)
  A naga (D:13)
  3 acid dragons
  16 swamp worms
  Duvessa (D:4)
  11 water moccasins
  2 floating eyes
  A glowing shapeshifter skeleton (D:15)
  33 orc warriors
  4 black bears
  11 swamp drakes
  A sky beast (D:7)
  4 ogres
  A human skeleton (Vaults:4)
  6 boggarts
  14 wolves
  23 centaurs
  A lemure (D:4)
  3 kobold brigands
  11 bullfrogs
  2 gnoll sergeants
  A scorpion (D:6)
  Dowan (D:4)
  An electric eel (Lair:3)
  A howler monkey (D:9)
  A crimson imp (D:7)
  2 jellies (D:6)
  6 orc priests
  3 hounds
  A sleepcap (D:7)
  An iguana (D:5)
  26 orc wizards
  9 gnolls
  7 adders
  3 shadow imps
  3 white imps
  2 ufetubi (D:7)
  A worm (D:3)
  4 dart slugs
  73 orcs
  7 ball pythons
  8 endoplasms
  4 giant cockroaches (D:2)
  8 goblins
  10 hobgoblins
  2 jackals (D:5)
  A quokka (D:5)
  6 bats
  3 frilled lizards
  7 kobolds
1672 creatures vanquished.

Vanquished Creatures (others)
  A bloated husk (Swamp:2)
  A tarantella (Spider:3)
  A jumping spider (Spider:1)
  2 orcs
  22 foxfires
27 creatures vanquished.

Grand Total: 1699 creatures vanquished

Notes
Turn   | Place    | Note
-------+----------+-------------------------------------------
     0 | D:1      | qw the Gargoyle Hexslinger began the quest for the Orb.
     0 | D:1      | Reached XP level 1. HP: 12/12 MP: 2/2
     0 | D:1      | 0 ||| qw: Version: 0.3-a-51-g015441d
     0 | D:1      | 0 ||| qw: Game counter: 4008
     0 | D:1      | 0 ||| qw: Melee chars always use a shield: true
     0 | D:1      | 0 ||| qw: God list: Okawaru
     0 | D:1      | 0 ||| qw: Allow faded altars: false
     0 | D:1      | 0 ||| qw: Do Orc after clearing Dungeon:15 true
     0 | D:1      | 0 ||| qw: Do second Lair branch before Depths: true
     0 | D:1      | 0 ||| qw: Lair rune preference: random
     0 | D:1      | 0 ||| qw: Goals: Normal
     0 | D:1      | 0 ||| PLANNING D:1-11
   228 | D:1      | Reached XP level 2. HP: 16/16 MP: 3/3
   230 | D:1      | Found Ryzugiz's General Store.
   234 | D:1      | 234 ||| SHOPLISTING +1 pair of boots of rampaging (165
                  | gold, have 18).
   435 | D:1      | Reached skill level 3 in Ranged Weapons
   436 | D:1      | Found Duidd's Book Emporium.
   500 | D:1      | 500 ||| READING scroll labelled JUKU DAMAA.
   501 | D:1      | 501 ||| DROPPING scroll of poison.
   673 | D:1      | Found Oraim's Assorted Antiques.
   685 | D:1      | 685 ||| SHOPLISTING dented cameo amulet (75 gold, have 23).
   685 | D:1      | 685 ||| SHOPLISTING emerald ring (75 gold, have 23).
   685 | D:1      | 685 ||| SHOPLISTING glowing scarf (120 gold, have 23).
   685 | D:1      | 685 ||| SHOPLISTING leather armour (30 gold, have 23).
   685 | D:1      | 685 ||| BUYING scroll labelled NIAROO XYGYSCHEDA (15 gold).
   685 | D:1      | Bought a scroll labelled NIAROO XYGYSCHEDA for 15 gold
                  | pieces
   685 | D:1      | 685 ||| SHOPLISTING scroll of identify (30 gold, have 8).
   825 | D:1      | Reached skill level 2 in Fighting
   825 | D:1      | Reached XP level 3. HP: 15/21 MP: 4/4
   952 | D:1      | 952 ||| UPGRADING to +0 pair of gloves.
   957 | D:1      | 957 ||| READING scroll labelled BUNNOY OZOF.
   958 | D:1      | 958 ||| READING scroll labelled NIAROO XYGYSCHEDA.
  1059 | D:1      | 1059 ||| READING scroll labelled BAPICASTRIU.
  1059 | D:1      | Identified a scroll of acquirement
  1059 | D:1      | 1059 ||| ACQUIRING +5 arbalest "Tul Tuv" {speed, Stlth+}
  1059 | D:1      | Acquired the +5 arbalest "Tul Tuv" {speed, Stlth+}
  1061 | D:1      | 1061 ||| SWAPPING to +5 arbalest "Tul Tuv" {speed, Stlth+}.
  1062 | D:1      | 1062 ||| DROPPING +1 sling.
  1622 | D:2      | Reached XP level 4. HP: 26/26 MP: 5/5
  1643 | D:2      | 1643 ||| READING scroll of enchant armour.
  1643 | D:2      | 1643 ||| ENCHANTING +0 pair of gloves.
  1675 | D:2      | 1675 ||| UPGRADING to amulet of reflection.
  1680 | D:2      | 1680 ||| DROPPING ring of flight.
  1681 | D:2      | 1681 ||| READING scroll labelled LIOTHIPR OHYA.
  1682 | D:2      | 1682 ||| READING scroll labelled AVEUZI YXOICS.
  1686 | D:2      | 1686 ||| DRINKING 2 sapphire potions.
  1687 | D:2      | 1687 ||| DROPPING potion of brilliance.
  1713 | D:3      | You fall into a shaft and drop 2 floors!
  1713 | D:5      | Entered Level 5 of the Dungeon
  1765 | D:5      | Noticed Menkaure
  1769 | D:5      | Killed Menkaure
  1770 | D:5      | Reached XP level 5. HP: 30/30 MP: 6/6
  1823 | D:5      | 1823 ||| UPGRADING to scarf of repulsion.
  1828 | D:5      | 1828 ||| UPGRADING to +0 leather armour.
  1838 | D:5      | 1838 ||| DROPPING +0 robe.
  1839 | D:5      | 1839 ||| UPGRADING to +0 pair of boots.
  1851 | D:5      | Reached skill level 3 in Fighting
  1851 | D:5      | Reached XP level 6. HP: 37/37 MP: 7/7
  1851 | D:5      | Noticed a black bear
  1852 | D:5      | 1852 ||| FLEEEEING.
  1853 | D:5      | 1853 ||| FLEEEEING.
  1854 | D:5      | 1854 ||| FLEEEEING.
  1855 | D:5      | 1855 ||| STAIRDANCE
  1930 | D:4      | Noticed Eustachio
  1947 | D:4      | Killed Eustachio
  1948 | D:4      | Reached skill level 3 in Armour
  1992 | D:4      | 1992 ||| READING scroll labelled VOLAHOU RUERPH.
  1993 | D:4      | 1993 ||| READING scroll labelled EFROETW ZOSUN.
  1994 | D:4      | 1994 ||| READING 2 scrolls of identify.
  1994 | D:4      | 1994 ||| IDENTIFYING yellow potion
  2305 | D:3      | 2305 ||| UPGRADING to +0 ring mail.
  2315 | D:3      | 2315 ||| DROPPING +0 leather armour.
  2316 | D:3      | 2316 ||| READING scroll labelled CAURUL JONO.
  2342 | D:4      | Noticed Duvessa
  2343 | D:4      | Noticed Dowan
  2347 | D:4      | Noticed Pikel
  2354 | D:4      | Killed Duvessa
  2355 | D:4      | Reached skill level 6 in Ranged Weapons
  2355 | D:4      | Reached XP level 7. HP: 31/41 MP: 8/8
  2358 | D:4      | Killed Dowan
  2367 | D:4      | Killed Pikel
  2368 | D:4      | Reached skill level 6 in Fighting
  2368 | D:4      | Reached XP level 8. HP: 39/52 MP: 9/9
  2474 | D:4      | Noticed Sigmund
  2480 | D:4      | 2480 ||| Stepping randomly (disturbance).
  2489 | D:4      | Killed Sigmund
  2608 | D:4      | Found a hazy altar of Hepliaklqana.
  3005 | D:5      | Noticed Prince Ribbit
  3016 | D:5      | Killed Prince Ribbit
  3151 | D:5      | Found a stormy altar of Qazlal.
  3151 | D:5      | Found a faded altar of an unknown god.
  3158 | D:5      | Found a faded altar of an unknown god.
  3160 | D:5      | Found a blossoming altar of Fedhas.
  3162 | D:5      | Found a sparkling altar of Nemelex Xobeh.
  3572 | D:5      | 3572 ||| UPGRADING to ring of protection from fire.
  3658 | D:6      | Noticed a shadow
  3661 | D:6      | Killed a shadow
  3662 | D:6      | Reached skill level 9 in Ranged Weapons
  3662 | D:6      | Reached XP level 9. HP: 56/56 MP: 10/10
  3905 | D:6      | Found Fyoziarin's Jewellery Emporium.
  3912 | D:6      | 3912 ||| SHOPLISTING +6 ring of strength (468 gold, have
                  | 245).
  3912 | D:6      | 3912 ||| SHOPLISTING ring "Lilla" {rF+ Str+2 Slay+4} (1250
                  | gold, have 245).
  3912 | D:6      | 3912 ||| SHOPLISTING ring of fire (325 gold, have 245).
  3912 | D:6      | 3912 ||| SHOPLISTING ring of willpower (325 gold, have
                  | 245).
  4022 | D:6      | Found a staircase to the Ecumenical Temple.
  4023 | D:6      | 4023 ||| PLANNING TEMPLE
  4027 | D:6      | 4027 ||| DRINKING 2 murky brown potions.
  4032 | D:6      | Found a faded altar of an unknown god.
  4039 | Temple   | Entered the Ecumenical Temple
  4073 | Temple   | 4073 ||| PLANNING D:1-11
  4100 | D:6      | Found a bloodstained altar of Trog.
  4165 | D:6      | 4165 ||| FLEEEEING.
  4166 | D:6      | 4166 ||| FLEEEEING.
  4167 | D:6      | 4167 ||| FLEEEEING.
  4168 | D:6      | 4168 ||| FLEEEEING.
  4169 | D:6      | 4169 ||| FLEEEEING.
  4170 | D:6      | 4170 ||| FLEEEEING.
  4171 | D:6      | 4171 ||| FLEEEEING.
  4172 | D:6      | 4172 ||| FLEEEEING.
  4173 | D:6      | 4173 ||| FLEEEEING.
  4174 | D:6      | 4174 ||| FLEEEEING.
  4175 | D:6      | 4175 ||| FLEEEEING.
  4176 | D:6      | 4176 ||| FLEEEEING.
  4177 | D:6      | 4177 ||| FLEEEEING.
  4178 | D:6      | 4178 ||| FLEEEEING.
  4179 | D:6      | 4179 ||| FLEEEEING.
  4180 | D:6      | 4180 ||| FLEEEEING.
  4181 | D:6      | 4181 ||| FLEEEEING.
  4182 | D:6      | 4182 ||| FLEEEEING.
  4183 | D:6      | 4183 ||| FLEEEEING.
  4184 | D:6      | 4184 ||| FLEEEEING.
  4185 | D:6      | 4185 ||| FLEEEEING.
  4187 | D:6      | 4187 ||| FLEEEEING.
  4188 | D:6      | 4188 ||| FLEEEEING.
  4189 | D:6      | 4189 ||| FLEEEEING.
  4191 | D:6      | 4191 ||| FLEEEEING.
  4192 | D:6      | 4192 ||| FLEEEEING.
  4193 | D:6      | 4193 ||| FLEEEEING.
  4194 | D:6      | 4194 ||| FLEEEEING.
  4195 | D:6      | 4195 ||| FLEEEEING.
  4196 | D:6      | 4196 ||| FLEEEEING.
  4197 | D:6      | 4197 ||| FLEEEEING.
  4198 | D:6      | 4198 ||| FLEEEEING.
  4199 | D:6      | 4199 ||| FLEEEEING.
  4200 | D:6      | 4200 ||| FLEEEEING.
  4201 | D:6      | 4201 ||| STAIRDANCE
  4252 | D:5      | 4252 ||| UPGRADING to +0 steam dragon scales.
  4262 | D:5      | 4262 ||| DROPPING +0 ring mail.
  4263 | D:5      | 4263 ||| READING scroll labelled NEORRE DOUT.
  4272 | D:6      | 4272 ||| STAIRDANCE
  4539 | D:7      | Reached skill level 3 in Dodging
  4555 | D:7      | Reached skill level 7 in Fighting
  4725 | D:7      | Found a hide-covered altar of Uskayaw.
  4732 | D:7      | Found an ancient bone altar of Kikubaaqudgha.
  4735 | D:7      | Found a sacrificial altar of Ru.
  4735 | D:7      | Found an iron altar of Okawaru.
  4736 | D:7      | 4736 ||| PLANNING OKAWARU WORSHIP
  4737 | D:7      | 4737 ||| READING scroll labelled RUGUCA ZYFUIME.
  4744 | D:7      | 4744 ||| READING scroll labelled MIOKHL NECKUASCH.
  4744 | D:7      | Found an ornate altar of the Wu Jian Council.
  4752 | D:7      | Became a worshipper of Warmaster Okawaru
  4753 | D:7      | 4753 ||| PLANNING D:1-11
  4822 | D:7      | 4822 ||| READING scroll of acquirement.
  4822 | D:7      | 4822 ||| ACQUIRING +2 pair of boots of Tulips {Int+3}
  4822 | D:7      | Acquired the +2 pair of boots of Tulips {Int+3}
  4824 | D:7      | 4824 ||| UPGRADING to +2 pair of boots of Tulips {Int+3}.
  4834 | D:7      | 4834 ||| DROPPING +0 pair of boots.
  5088 | D:7      | Found a white marble altar of Elyvilon.
  5129 | D:7      | Found a radiant altar of Vehumet.
  5131 | D:7      | Found a burning altar of Makhleb.
  5243 | D:8      | Noticed Erica
  5264 | D:8      | Killed Erica
  5265 | D:8      | Reached XP level 10. HP: 18/63 MP: 11/11
  5441 | D:8      | Found Romuniti's Antique Armour Shop.
  5450 | D:8      | Reached * piety under Okawaru
  5456 | D:8      | 5456 ||| SHOPLISTING +3 pair of gauntlets of War {Slay+5}
                  | (1472 gold, have 395).
  5456 | D:8      | 5456 ||| BUYING ancient helmet (294 gold).
  5456 | D:8      | Bought an ancient helmet for 294 gold pieces
  5456 | D:8      | Identified the +1 helmet "Nadov" {rElec rPois Str-5 Dex+5}
                  | (You bought it in a shop on level 8 of the Dungeon)
  5456 | D:8      | 5456 ||| SHOPLISTING pair of glowing gloves (232 gold, have
                  | 101).
  5468 | D:8      | Noticed Joseph
  5473 | D:8      | Killed Joseph
  5474 | D:8      | Reached skill level 1 in Invocations
  5794 | D:8      | Found a shadowy altar of Dithmenos.
  5806 | D:8      | Reached skill level 8 in Fighting
  5911 | D:8      | 5911 ||| UPGRADING to +1 helmet "Nadov" {rElec rPois Str-5
                  | Dex+5}.
  5916 | D:8      | 5916 ||| DROPPING amulet of the acrobat.
  5917 | D:8      | 5917 ||| DRINKING 3 fuming sapphire potions.
  5918 | D:8      | 5918 ||| DRINKING 2 coppery potions.
  5970 | D:9      | Reached ** piety under Okawaru
  5971 | D:9      | 5971 ||| FLEEEEING.
  5972 | D:9      | 5972 ||| FLEEEEING.
  5973 | D:9      | 5973 ||| FLEEEEING.
  5974 | D:9      | 5974 ||| FLEEEEING.
  5975 | D:9      | 5975 ||| FLEEEEING.
  5976 | D:9      | 5976 ||| FLEEEEING.
  5977 | D:9      | 5977 ||| FLEEEEING.
  5978 | D:9      | 5978 ||| FLEEEEING.
  5983 | D:9      | Reached skill level 3 in Invocations
  6024 | D:9      | Reached skill level 12 in Ranged Weapons
  6070 | D:9      | Noticed a kobold demonologist
  6074 | D:9      | Killed a kobold demonologist
  6074 | D:9      | Reached *** piety under Okawaru
  6200 | D:9      | Noticed Amaemon
  6201 | D:9      | 6201 ||| INVOKING Heroism.
  6212 | D:9      | 6212 ||| DRINKING potion of cancellation.
  6213 | D:9      | Killed Amaemon
  6214 | D:9      | Reached XP level 11. HP: 68/68 MP: 12/14
  6287 | D:9      | Reached **** piety under Okawaru
  6297 | D:9      | Reached skill level 9 in Fighting
  6501 | D:9      | 6501 ||| INVOKING Heroism.
  6710 | D:9      | 6710 ||| Stepping ~*~*~tactically~*~*~ (water).
  6903 | D:10     | Entered Level 10 of the Dungeon
  6906 | D:10     | Found a glowing golden altar of the Shining One.
  6906 | D:10     | Noticed Maurice
  6922 | D:10     | 6922 ||| DRINKING 2 potions of curing.
  6922 | D:10     | 6922 ||| (to cure confusion)
  6953 | D:10     | 6953 ||| FLEEEEING.
  6954 | D:10     | 6954 ||| STAIRDANCE
  6985 | D:10     | Killed Maurice
  6986 | D:10     | 6986 ||| STAIRDANCE
  7349 | D:10     | Reached skill level 6 in Invocations
  7521 | D:10     | Reached ***** piety under Okawaru
  7523 | D:10     | Noticed Snorg
  7524 | D:10     | 7524 ||| INVOKING Heroism.
  7531 | D:10     | 7531 ||| INVOKING Finesse.
  7534 | D:10     | Killed Snorg
  7597 | D:10     | Found a staircase to the Lair.
  7764 | D:10     | 7764 ||| PLANNING LAIR
  7764 | D:10     | 7764 ||| UPGRADING to +3 troll leather armour {Snorg}.
  7774 | D:10     | 7774 ||| DROPPING +0 steam dragon scales.
  7775 | D:10     | 7775 ||| UPGRADING to ring of positive energy.
  7776 | D:10     | 7776 ||| READING scroll labelled OLLUADEXUU.
  7777 | D:10     | 7777 ||| DRINKING 2 sedimented amethyst potions.
  7778 | D:10     | 7778 ||| READING 3 scrolls of identify.
  7778 | D:10     | 7778 ||| IDENTIFYING red potion
  7779 | D:10     | 7779 ||| READING 2 scrolls of identify.
  7779 | D:10     | 7779 ||| IDENTIFYING pink potion
  7780 | D:10     | 7780 ||| DRINKING potion of experience.
  7780 | D:10     | Reached skill level 9 in Invocations
  7780 | D:10     | Reached XP level 12. HP: 76/76 MP: 16/19
  7904 | Lair:1   | Entered Level 1 of the Lair of Beasts
  7905 | Lair:1   | 7905 ||| PLANNING GAUNTLET
  7914 | Lair:1   | Found a gate leading to a gauntlet.
  7924 | Gauntlet | Entered a Gauntlet
  7924 | Gauntlet | Found a transporter.
  7924 | Gauntlet | Found a transporter.
  7924 | Gauntlet | Found a transporter.
  7925 | Gauntlet | Found a transporter.
  7926 | Gauntlet | Found a transporter.
  7929 | Gauntlet | Found a transporter.
  7936 | Gauntlet | Found a transporter.
  7938 | Gauntlet | Found a transporter.
  7940 | Gauntlet | Found a transporter.
  7941 | Gauntlet | Noticed a dire elephant
  7942 | Gauntlet | Found a transporter.
  7949 | Gauntlet | Found a transporter.
  7949 | Gauntlet | Found a transporter.
  8118 | Gauntlet | 8118 ||| SWAPPING to +3 longbow of draining.
  8128 | Gauntlet | 8128 ||| READING 2 scrolls of enchant weapon.
  8128 | Gauntlet | 8128 ||| ENCHANTING +3 longbow of draining.
  8129 | Gauntlet | 8129 ||| DROPPING +5 arbalest "Tul Tuv" {speed, Stlth+}.
  8130 | Gauntlet | 8130 ||| READING scroll of enchant weapon.
  8130 | Gauntlet | 8130 ||| ENCHANTING +4 longbow of draining.
  8131 | Gauntlet | 8131 ||| UPGRADING to ring of resist corrosion.
  8137 | Gauntlet | 8137 ||| INVOKING Heroism.
  8138 | Gauntlet | 8138 ||| INVOKING Finesse.
  8207 | Gauntlet | Reached skill level 10 in Fighting
  8218 | Gauntlet | Reached XP level 13. HP: 81/82 MP: 20/20
  8224 | Gauntlet | Identified the ring "Laiweq" {*Slow rF+ rC+ Will+ Stlth+}
  8226 | Gauntlet | 8226 ||| UPGRADING to ring "Laiweq" {*Slow rF+ rC+ Will+
                  | Stlth+}.
  8228 | Gauntlet | 8228 ||| UPGRADING to ring of protection from fire.
  8269 | Gauntlet | Noticed a minotaur
  8270 | Gauntlet | 8270 ||| INVOKING Heroism.
  8278 | Gauntlet | Killed a minotaur
  8360 | Gauntlet | 8360 ||| READING 2 scrolls of identify.
  8360 | Gauntlet | 8360 ||| IDENTIFYING puce potion
  8361 | Gauntlet | 8361 ||| DROPPING potion of berserk rage.
  8377 | Lair:1   | 8377 ||| PLANNING LAIR
  8396 | Lair:1   | 8396 ||| READING scroll of enchant weapon.
  8396 | Lair:1   | 8396 ||| ENCHANTING +5 longbow of draining.
  8403 | Lair:1   | 8403 ||| INVOKING Heroism.
  8406 | Lair:1   | Reached skill level 15 in Ranged Weapons
  8475 | Lair:1   | 8475 ||| INVOKING Heroism.
  8513 | Lair:1   | Reached skill level 6 in Dodging
  8526 | Lair:1   | Noticed Harold
  8527 | Lair:1   | 8527 ||| INVOKING Heroism.
  8532 | Lair:1   | Killed Harold
  8589 | Lair:1   | Received a gift from Okawaru
  8687 | Lair:1   | 8687 ||| INVOKING Heroism.
  9158 | Lair:1   | 9158 ||| DROPPING +2 hat.
  9159 | Lair:1   | 9159 ||| READING 2 scrolls of identify.
  9159 | Lair:1   | 9159 ||| IDENTIFYING clear potion
  9181 | Lair:2   | 9181 ||| INVOKING Heroism.
  9281 | Lair:2   | Found a dark tunnel.
  9385 | Lair:2   | Noticed Urug
  9386 | Lair:2   | 9386 ||| INVOKING Heroism.
  9387 | Lair:2   | 9387 ||| INVOKING Finesse.
  9392 | Lair:2   | Killed Urug
  9504 | Lair:2   | 9504 ||| INVOKING Heroism.
  9505 | Lair:2   | 9505 ||| INVOKING Finesse.
  9573 | Lair:2   | Found the +3 pair of seven-league boots {Rampage+∞}
  9577 | Lair:2   | Reached skill level 11 in Fighting
  9769 | Lair:2   | Found a hole to the Spider Nest.
  9823 | Lair:2   | 9823 ||| INVOKING Heroism.
  9848 | Lair:2   | Identified the +1 robe "Vium" {*Slow rElec rC+ rCorr}
 10153 | Lair:2   | 10153 ||| UPGRADING to +3 pair of seven-league boots
                  | {Rampage+∞}.
 10163 | Lair:2   | 10163 ||| DROPPING +2 pair of boots of Tulips {Int+3}.
 10164 | Lair:2   | 10164 ||| READING 2 scrolls of identify.
 10164 | Lair:2   | 10164 ||| IDENTIFYING bubbling black potion
 10165 | Lair:2   | 10165 ||| DROPPING potion of ambrosia.
 10569 | Lair:3   | 10569 ||| INVOKING Heroism.
 10708 | Lair:3   | 10708 ||| INVOKING Heroism.
 10728 | Lair:3   | Found a staircase to the Swamp.
 10755 | Lair:3   | 10755 ||| INVOKING Heroism.
 10818 | Lair:3   | Gained mutation: Your large and strong wings let you fly.
                  | [Gargoyle growth]
 10818 | Lair:3   | Reached XP level 14. HP: 90/90 MP: 21/21
 10903 | Lair:3   | Identified the +7 quarterstaff of Extremism {venom, *Rage
                  | rF+ rC+ rN+} (Okawaru gifted it to you on level 3 of the
                  | Lair of Beasts)
 10903 | Lair:3   | Received a gift from Okawaru
 11104 | Lair:3   | 11104 ||| READING scroll of acquirement.
 11104 | Lair:3   | 11104 ||| ACQUIRING +0 pair of gloves of Hopscotch {rElec
                  | rN+++ Int-3 Stlth-}
 11104 | Lair:3   | Acquired the +0 pair of gloves of Hopscotch {rElec rN+++
                  | Int-3 Stlth-}
 11271 | Lair:3   | 11271 ||| READING 2 scrolls of identify.
 11271 | Lair:3   | 11271 ||| IDENTIFYING cyan potion
 11272 | Lair:3   | 11272 ||| DROPPING potion of attraction.
 11477 | Lair:4   | Reached skill level 18 in Ranged Weapons
 11587 | Lair:4   | 11587 ||| INVOKING Heroism.
 11590 | Lair:4   | 11590 ||| INVOKING Finesse.
 11741 | Lair:4   | 11741 ||| Stepping ~*~*~tactically~*~*~ (cloud).
 11881 | Lair:4   | 11881 ||| READING scroll of enchant armour.
 11881 | Lair:4   | 11881 ||| ENCHANTING +1 pair of gloves.
 11909 | Lair:4   | 11909 ||| INVOKING Heroism.
 11924 | Lair:4   | Reached skill level 12 in Fighting
 11946 | Lair:4   | Found a frozen archway.
 11949 | Lair:4   | 11949 ||| Stepping ~*~*~tactically~*~*~ (outnumbered).
 11960 | Lair:4   | 11960 ||| INVOKING Finesse.
 11967 | Lair:4   | Reached skill level 6 in Armour
 12260 | Lair:4   | 12260 ||| DROPPING +0 pair of gloves of Hopscotch {rElec
                  | rN+++ Int-3 Stlth-}.
 12261 | Lair:4   | 12261 ||| READING 3 scrolls of identify.
 12261 | Lair:4   | 12261 ||| IDENTIFYING green potion
 12262 | Lair:4   | 12262 ||| DROPPING potion of degeneration.
 12266 | Lair:5   | Entered Level 5 of the Lair of Beasts
 12302 | Lair:5   | 12302 ||| INVOKING Heroism.
 12360 | Lair:5   | 12360 ||| INVOKING Heroism.
 12377 | Lair:5   | HP: 23/92 [wolf (8)]
 12378 | Lair:5   | 12378 ||| READING 4 scrolls of teleportation.
 12379 | Lair:5   | 12379 ||| DRINKING 2 potions of heal wounds.
 12454 | Lair:5   | Found a runed translucent door.
 12455 | Lair:5   | Noticed an acid blob
 12457 | Lair:5   | Found a staircase to the Slime Pits.
 12457 | Lair:5   | Noticed an acid blob
 12596 | Lair:5   | Received a gift from Okawaru
 12653 | Lair:5   | Reached XP level 15. HP: 94/96 MP: 22/22
 12680 | Lair:5   | 12680 ||| INVOKING Heroism.
 12854 | Lair:5   | Reached skill level 13 in Fighting
 12906 | Lair:5   | Received a gift from Okawaru
 13281 | Lair:5   | 13281 ||| INVOKING Heroism.
 13342 | Lair:5   | 13342 ||| INVOKING Heroism.
 13345 | Lair:5   | 13345 ||| INVOKING Finesse.
 13397 | Lair:5   | 13397 ||| READING scroll of enchant weapon.
 13397 | Lair:5   | 13397 ||| ENCHANTING +6 longbow of draining.
 13483 | Lair:5   | 13483 ||| PLANNING D:1-11
 13483 | Lair:5   | 13483 ||| DROPPING amulet of guardian spirit.
 13752 | D:11     | Found a staircase to the Orcish Mines.
 13818 | D:11     | Identified the +0 hat "Boschetz" {rN+ Dex+3} (Okawaru
                  | gifted it to you on level 11 of the Dungeon)
 13818 | D:11     | Received a gift from Okawaru
 14115 | D:11     | 14115 ||| PLANNING D
 14115 | D:11     | 14115 ||| DROPPING +0 hat "Boschetz" {rN+ Dex+3}.
 14116 | D:11     | 14116 ||| UPGRADING to ring of see invisible.
 14213 | D:12     | Identified the +0 helmet "Apliaq" {Int+4}
 14415 | D:12     | Noticed Nergalle
 14423 | D:12     | Killed Nergalle
 14592 | D:12     | 14592 ||| DROPPING +0 helmet "Apliaq" {Int+4}.
 14593 | D:12     | 14593 ||| DRINKING 2 golden potions.
 14609 | D:13     | Found Witsef's Distillery.
 14616 | D:13     | 14616 ||| BUYING 2 potions of curing (114 gold).
 14616 | D:13     | Bought 2 potions of curing for 114 gold pieces
 14616 | D:13     | 14616 ||| BUYING 2 potions of haste (380 gold).
 14616 | D:13     | Bought 2 potions of haste for 380 gold pieces
 14616 | D:13     | 14616 ||| BUYING 2 potions of haste (380 gold).
 14616 | D:13     | Bought 2 potions of haste for 380 gold pieces
 14616 | D:13     | 14616 ||| SHOPLISTING 2 potions of heal wounds (190 gold,
                  | have 93).
 14616 | D:13     | 14616 ||| SHOPLISTING 2 potions of mutation (304 gold, have
                  | 93).
 14616 | D:13     | 14616 ||| BUYING potion of curing (57 gold).
 14616 | D:13     | Bought a potion of curing for 57 gold pieces
 14616 | D:13     | 14616 ||| SHOPLISTING potion of curing (57 gold, have 36).
 14616 | D:13     | 14616 ||| SHOPLISTING potion of magic (152 gold, have 36).
 14628 | D:13     | Found a transporter.
 14628 | D:13     | Noticed OceanMan's ghost (journeyman MiFi)
 14666 | D:13     | Found a transporter.
 14734 | D:13     | 14734 ||| Stepping ~*~*~tactically~*~*~ (outnumbered).
 14735 | D:13     | 14735 ||| Stepping ~*~*~tactically~*~*~ (outnumbered).
 14736 | D:13     | 14736 ||| Stepping ~*~*~tactically~*~*~ (outnumbered).
 14871 | D:13     | Found Urphufeik's Serpentskin Sales.
 14886 | D:13     | Reached skill level 9 in Dodging
 14887 | D:13     | 14887 ||| INVOKING Heroism.
 14945 | D:13     | 14945 ||| INVOKING Heroism.
 15050 | D:13     | Reached XP level 16. HP: 103/104 MP: 23/23
 15137 | D:13     | Found a gate to the Vaults.
 15231 | D:13     | 15231 ||| DROPPING +1 ring mail of fire resistance.
 15449 | D:14     | Noticed Rupert
 15450 | D:14     | 15450 ||| INVOKING Heroism.
 15452 | D:14     | Reached skill level 14 in Fighting
 15461 | D:14     | 15461 ||| INVOKING Finesse.
 15470 | D:14     | Killed Rupert
 15665 | D:14     | 15665 ||| READING scroll of enchant weapon.
 15665 | D:14     | 15665 ||| ENCHANTING +7 longbow of draining.
 15753 | D:14     | Reached skill level 15 in Fighting
 16173 | D:14     | Identified the +0 flail "Acarinebane" {spect, rF+ rN+}
 16233 | D:15     | Entered Level 15 of the Dungeon
 16283 | D:15     | Identified the +3 pair of boots of Life {Contam rElec
                  | Regen+ Int+5} (Okawaru gifted it to you on level 15 of the
                  | Dungeon)
 16283 | D:15     | Received a gift from Okawaru
 16284 | D:15     | 16284 ||| FLEEEEING.
 16423 | D:15     | Noticed Kirke
 16424 | D:15     | 16424 ||| INVOKING Heroism.
 16425 | D:15     | 16425 ||| INVOKING Finesse.
 16432 | D:15     | Killed Kirke
 16501 | D:15     | Found a staircase to the Depths.
 16530 | D:15     | 16530 ||| INVOKING Heroism.
 16874 | D:15     | Found a glowing silver altar of Zin.
 17122 | D:15     | 17122 ||| PLANNING ORC
 17122 | D:15     | 17122 ||| UPGRADING to +3 pair of boots of Life {Contam
                  | rElec Regen+ Int+5}.
 17132 | D:15     | 17132 ||| DROPPING +3 pair of seven-league boots
                  | {Rampage+∞}.
 17242 | Orc:1    | Entered Level 1 of the Orcish Mines
 17248 | Orc:1    | 17248 ||| Stepping ~*~*~tactically~*~*~ (outnumbered).
 17296 | Orc:1    | Found an ornate altar of the Wu Jian Council.
 17297 | Orc:1    | Found a transporter.
 17320 | Orc:1    | Found a transporter.
 17327 | Orc:1    | Found a transporter.
 17347 | Orc:1    | Found a transporter.
 17348 | Orc:1    | Found an ornate altar of the Wu Jian Council.
 17353 | Orc:1    | 17353 ||| INVOKING Heroism.
 17389 | Orc:1    | 17389 ||| Stepping ~*~*~tactically~*~*~ (outnumbered).
 17432 | Orc:1    | 17432 ||| INVOKING Heroism.
 17433 | Orc:1    | 17433 ||| Stepping ~*~*~tactically~*~*~ (outnumbered).
 17759 | Orc:2    | Entered Level 2 of the Orcish Mines
 17760 | Orc:2    | 17760 ||| INVOKING Heroism.
 17797 | Orc:2    | 17797 ||| INVOKING Finesse.
 17800 | Orc:2    | 17800 ||| INVOKING Heroism.
 17966 | Orc:2    | Found a staircase to the Elven Halls.
 18170 | Orc:2    | 18170 ||| INVOKING Heroism.
 18171 | Orc:2    | 18171 ||| Stepping ~*~*~tactically~*~*~ (outnumbered).
 18196 | Orc:2    | Reached skill level 16 in Fighting
 18240 | Orc:2    | 18240 ||| INVOKING Heroism.
 18277 | Orc:2    | Found Wuvet's General Store.
 18277 | Orc:2    | Found Oroohioru's Assorted Antiques.
 18277 | Orc:2    | Found Buest's Weapon Emporium.
 18280 | Orc:2    | Found Kotzirid's Antique Weapon Shop.
 18284 | Orc:2    | 18284 ||| BUYING potion of magic (104 gold).
 18284 | Orc:2    | Bought a potion of magic for 104 gold pieces
 18284 | Orc:2    | 18284 ||| BUYING potion of resistance (130 gold).
 18284 | Orc:2    | Bought a potion of resistance for 130 gold pieces
 18285 | Orc:2    | 18285 ||| BUYING potion of magic (128 gold).
 18285 | Orc:2    | Bought a potion of magic for 128 gold pieces
 18285 | Orc:2    | 18285 ||| BUYING scroll of identify (32 gold).
 18285 | Orc:2    | Bought a scroll of identify for 32 gold pieces
 18463 | Orc:2    | 18463 ||| PLANNING SWAMP:1-3
 18680 | Swamp:1  | Entered Level 1 of the Swamp
 18681 | Swamp:1  | 18681 ||| INVOKING Heroism.
 18686 | Swamp:1  | Reached skill level 9 in Armour
 18738 | Swamp:1  | 18738 ||| INVOKING Heroism.
 18821 | Swamp:1  | 18821 ||| INVOKING Heroism.
 18835 | Swamp:1  | Reached XP level 17. HP: 116/116 MP: 24/24
 18963 | Swamp:1  | 18963 ||| INVOKING Heroism.
 18999 | Swamp:1  | Reached skill level 17 in Fighting
 19135 | Swamp:1  | 19135 ||| INVOKING Heroism.
 19231 | Swamp:1  | 19231 ||| READING scroll labelled NELOYKL EPLO.
 19325 | Swamp:2  | 19325 ||| INVOKING Heroism.
 19395 | Swamp:2  | 19395 ||| INVOKING Heroism.
 19559 | Swamp:2  | 19559 ||| INVOKING Heroism.
 19720 | Swamp:2  | 19720 ||| INVOKING Heroism.
 19801 | Swamp:2  | Identified the +0 helmet of Igrienew {rC++ Stlth+} (Okawaru
                  | gifted it to you on level 2 of the Swamp)
 19801 | Swamp:2  | Received a gift from Okawaru
 19808 | Swamp:2  | 19808 ||| DROPPING +0 helmet of Igrienew {rC++ Stlth+}.
 19933 | Swamp:2  | 19933 ||| DROPPING +6 ring of intelligence.
 20013 | Swamp:2  | 20013 ||| INVOKING Heroism.
 20081 | Swamp:2  | 20081 ||| Stepping ~*~*~tactically~*~*~ (cloud).
 20130 | Swamp:2  | Reached skill level 18 in Fighting
 20277 | Swamp:3  | 20277 ||| INVOKING Heroism.
 20342 | Swamp:3  | 20342 ||| INVOKING Heroism.
 20345 | Swamp:3  | 20345 ||| Stepping ~*~*~tactically~*~*~ (outnumbered).
 20380 | Swamp:3  | Found a runed translucent door.
 20381 | Swamp:3  | Noticed qw's ghost (adept GrFi)
 20680 | Swamp:3  | 20680 ||| INVOKING Heroism.
 20683 | Swamp:3  | 20683 ||| Stepping ~*~*~tactically~*~*~ (outnumbered).
 20796 | Swamp:3  | 20796 ||| INVOKING Heroism.
 20896 | Swamp:3  | 20896 ||| PLANNING SPIDER:1-3
 21001 | Spider:1 | Entered Level 1 of the Spider Nest
 21002 | Spider:1 | 21002 ||| INVOKING Heroism.
 21036 | Spider:1 | 21036 ||| STAIRDANCE
 21055 | Spider:1 | 21055 ||| STAIRDANCE
 21064 | Lair:2   | 21064 ||| DRINKING 9 potions of curing.
 21064 | Lair:2   | 21064 ||| (to cure confusion)
 21095 | Spider:1 | Identified the +9 long sword of Wariness {heavy, Str+3
                  | Stlth+}
 21101 | Spider:1 | 21101 ||| INVOKING Heroism.
 21109 | Spider:1 | Reached skill level 12 in Dodging
 21263 | Spider:1 | Reached XP level 18. HP: 125/125 MP: 25/25
 21304 | Spider:1 | 21304 ||| INVOKING Heroism.
 21328 | Spider:1 | 21328 ||| INVOKING Heroism.
 21502 | Spider:1 | 21502 ||| INVOKING Finesse.
 21576 | Spider:2 | 21576 ||| INVOKING Heroism.
 21659 | Spider:2 | Noticed Agnes
 21660 | Spider:2 | 21660 ||| INVOKING Heroism.
 21661 | Spider:2 | 21661 ||| INVOKING Finesse.
 21674 | Spider:2 | Killed Agnes
 21675 | Spider:2 | Reached skill level 19 in Fighting
 21796 | Spider:2 | 21796 ||| INVOKING Heroism.
 21889 | Spider:2 | Noticed Arachne
 21890 | Spider:2 | 21890 ||| INVOKING Finesse.
 21906 | Spider:2 | Killed Arachne
 21906 | Spider:2 | Received a gift from Okawaru
 22094 | Spider:2 | 22094 ||| INVOKING Heroism.
 22201 | Spider:2 | 22201 ||| INVOKING Heroism.
 22261 | Spider:2 | 22261 ||| INVOKING Finesse.
 22275 | Spider:2 | 22275 ||| INVOKING Heroism.
 22297 | Spider:2 | Reached skill level 20 in Fighting
 22558 | Spider:2 | 22558 ||| READING 2 scrolls labelled CUAJEI QUIR.
 22559 | Spider:2 | 22559 ||| DROPPING scroll of summoning.
 22608 | Spider:3 | 22608 ||| DRINKING potion of cancellation.
 22625 | Spider:3 | 22625 ||| DRINKING 10 potions of curing.
 22625 | Spider:3 | 22625 ||| (to cure confusion)
 22629 | Spider:3 | 22629 ||| FLEEEEING.
 22630 | Spider:3 | 22630 ||| FLEEEEING.
 22655 | Spider:3 | Identified the +3 chain mail of Absence {Harm rN+ rCorr}
 22683 | Spider:3 | 22683 ||| INVOKING Finesse.
 22744 | Spider:3 | 22744 ||| INVOKING Heroism.
 23017 | Spider:3 | 23017 ||| INVOKING Finesse.
 23135 | Spider:3 | 23135 ||| PLANNING SWAMP:4
 23135 | Spider:3 | 23135 ||| DROPPING +0 cloak of stealth.
 23291 | Swamp:4  | Entered Level 4 of the Swamp
 23316 | Swamp:4  | Received a gift from Okawaru
 23322 | Swamp:4  | 23322 ||| STAIRDANCE
 23372 | Swamp:4  | 23372 ||| STAIRDANCE
 23439 | Swamp:4  | 23439 ||| Stepping ~*~*~tactically~*~*~ (outnumbered).
 23468 | Swamp:4  | 23468 ||| INVOKING Heroism.
 23552 | Swamp:4  | 23552 ||| INVOKING Heroism.
 23553 | Swamp:4  | 23553 ||| INVOKING Finesse.
 23592 | Swamp:4  | Identified the +3 rapier of Poorul {distort, rF+ Str+6}
 23597 | Swamp:4  | Got a decaying rune of Zot
 23605 | Swamp:4  | 23605 ||| INVOKING Heroism.
 23613 | Swamp:4  | 23613 ||| Stepping ~*~*~tactically~*~*~ (outnumbered).
 23628 | Swamp:4  | Noticed a tentacled monstrosity
 23628 | Swamp:4  | 23628 ||| INVOKING Finesse.
 23629 | Swamp:4  | 23629 ||| INVOKING Finesse.
 23634 | Swamp:4  | 23634 ||| INVOKING Heroism.
 23639 | Swamp:4  | Killed a tentacled monstrosity
 23640 | Swamp:4  | Reached XP level 19. HP: 118/136 MP: 19/26
 23706 | Swamp:4  | 23706 ||| INVOKING Heroism.
 23787 | Swamp:4  | 23787 ||| INVOKING Heroism.
 23865 | Swamp:4  | Reached skill level 21 in Fighting
 23891 | Swamp:4  | Noticed Bai Suzhen
 23892 | Swamp:4  | 23892 ||| INVOKING Heroism.
 23893 | Swamp:4  | 23893 ||| INVOKING Finesse.
 23902 | Swamp:4  | Killed Bai Suzhen
 24067 | Swamp:4  | 24067 ||| PLANNING VAULTS:1-4
 24067 | Swamp:4  | 24067 ||| READING scroll labelled ONUIXO AJUI.
 24414 | Vaults:1 | Entered Level 1 of the Vaults
 24418 | Vaults:1 | 24418 ||| STAIRDANCE
 24550 | Vaults:1 | 24550 ||| STAIRDANCE
 24596 | Vaults:1 | 24596 ||| Stepping ~*~*~tactically~*~*~ (outnumbered).
 24597 | Vaults:1 | 24597 ||| Stepping ~*~*~tactically~*~*~ (outnumbered).
 24605 | Vaults:1 | 24605 ||| Stepping ~*~*~tactically~*~*~ (outnumbered).
 24803 | Vaults:1 | 24803 ||| READING scroll of enchant weapon.
 24803 | Vaults:1 | 24803 ||| ENCHANTING +8 longbow of draining.
 24850 | Vaults:1 | 24850 ||| INVOKING Heroism.
 24876 | Vaults:1 | 24876 ||| Stepping ~*~*~tactically~*~*~ (outnumbered).
 25003 | Vaults:1 | 25003 ||| Stepping ~*~*~tactically~*~*~ (outnumbered).
 25044 | Vaults:1 | 25044 ||| INVOKING Finesse.
 25046 | Vaults:1 | 25046 ||| Stepping ~*~*~tactically~*~*~ (outnumbered).
 25136 | Vaults:1 | 25136 ||| INVOKING Finesse.
 25175 | Vaults:1 | 25175 ||| Stepping ~*~*~tactically~*~*~ (outnumbered).
 25177 | Vaults:1 | 25177 ||| Stepping ~*~*~tactically~*~*~ (outnumbered).
 25179 | Vaults:1 | 25179 ||| Stepping ~*~*~tactically~*~*~ (outnumbered).
 25185 | Vaults:1 | 25185 ||| Stepping ~*~*~tactically~*~*~ (outnumbered).
 25192 | Vaults:1 | 25192 ||| FLEEEEING.
 25193 | Vaults:1 | 25193 ||| FLEEEEING.
 25194 | Vaults:1 | 25194 ||| FLEEEEING.
 25255 | Vaults:1 | 25255 ||| FLEEEEING.
 25257 | Vaults:1 | 25257 ||| FLEEEEING.
 25258 | Vaults:1 | 25258 ||| FLEEEEING.
 25259 | Vaults:1 | 25259 ||| FLEEEEING.
 25260 | Vaults:1 | 25260 ||| FLEEEEING.
 25261 | Vaults:1 | 25261 ||| FLEEEEING.
 25262 | Vaults:1 | 25262 ||| FLEEEEING.
 25263 | Vaults:1 | 25263 ||| FLEEEEING.
 25270 | Vaults:1 | 25270 ||| FLEEEEING.
 25273 | Vaults:1 | 25273 ||| STAIRDANCE
 25491 | Vaults:1 | Identified the +1 pair of gloves "Qisomuuwn" {MP+9}
                  | (Okawaru gifted it to you on level 1 of the Vaults)
 25491 | Vaults:1 | Received a gift from Okawaru
 25562 | Vaults:1 | 25562 ||| INVOKING Heroism.
 25700 | Vaults:1 | 25700 ||| INVOKING Heroism.
 25701 | Vaults:1 | 25701 ||| INVOKING Finesse.
 25789 | Vaults:1 | 25789 ||| DROPPING +1 pair of gloves "Qisomuuwn" {MP+9}.
 25828 | Vaults:2 | 25828 ||| INVOKING Finesse.
 25890 | Vaults:2 | 25890 ||| DRINKING 12 potions of curing.
 25890 | Vaults:2 | 25890 ||| (to cure confusion)
 25896 | Vaults:2 | 25896 ||| FLEEEEING.
 25897 | Vaults:2 | 25897 ||| FLEEEEING.
 25898 | Vaults:2 | 25898 ||| FLEEEEING.
 25899 | Vaults:2 | 25899 ||| FLEEEEING.
 25900 | Vaults:2 | 25900 ||| FLEEEEING.
 25901 | Vaults:2 | 25901 ||| STAIRDANCE
 26011 | Vaults:2 | 26011 ||| STAIRDANCE
 26125 | Vaults:2 | 26125 ||| STAIRDANCE
 26262 | Vaults:2 | 26262 ||| Stepping ~*~*~tactically~*~*~ (outnumbered).
 26269 | Vaults:2 | 26269 ||| INVOKING Heroism.
 26273 | Vaults:2 | 26273 ||| Stepping ~*~*~tactically~*~*~ (outnumbered).
 26279 | Vaults:2 | Reached skill level 22 in Fighting
 26292 | Vaults:2 | Noticed Mennas
 26306 | Vaults:2 | HP: 32/139 [Mennas/+4 eudemon blade of holy wrath (18)]
 26307 | Vaults:2 | 26307 ||| READING 6 scrolls of teleportation.
 26308 | Vaults:2 | 26308 ||| DRINKING 3 potions of heal wounds.
 26309 | Vaults:2 | 26309 ||| DRINKING 2 potions of heal wounds.
 26557 | Vaults:2 | 26557 ||| Stepping ~*~*~tactically~*~*~ (outnumbered).
 26559 | Vaults:2 | 26559 ||| Stepping ~*~*~tactically~*~*~ (outnumbered).
 26561 | Vaults:2 | 26561 ||| Stepping ~*~*~tactically~*~*~ (outnumbered).
 26564 | Vaults:2 | 26564 ||| Stepping ~*~*~tactically~*~*~ (outnumbered).
 26572 | Vaults:2 | Reached skill level 12 in Armour
 26666 | Vaults:2 | 26666 ||| INVOKING Heroism.
 26689 | Vaults:2 | Reached XP level 20. HP: 145/145 MP: 27/27
 26957 | Vaults:2 | 26957 ||| Stepping ~*~*~tactically~*~*~ (outnumbered).
 26983 | Vaults:2 | Found a staircase to the Crypt.
 27051 | Vaults:2 | 27051 ||| INVOKING Heroism.
 27215 | Vaults:2 | 27215 ||| INVOKING Heroism.
 27231 | Vaults:2 | Killed Mennas
 27287 | Vaults:2 | 27287 ||| DROPPING +1 helmet.
 27288 | Vaults:2 | 27288 ||| DROPPING ring of ice.
 27447 | Vaults:3 | 27447 ||| Stepping ~*~*~tactically~*~*~ (outnumbered).
 27457 | Vaults:3 | Reached skill level 23 in Fighting
 27477 | Vaults:3 | 27477 ||| INVOKING Heroism.
 27489 | Vaults:3 | HP: 31/148 [vault warden/+0 broad axe (28)]
 27490 | Vaults:3 | 27490 ||| READING 6 scrolls of teleportation.
 27491 | Vaults:3 | 27491 ||| DRINKING potion of heal wounds.
 27496 | Vaults:3 | Found Oraow Ergh's Distillery.
 27557 | Vaults:3 | 27557 ||| BUYING 2 potions of cancellation (336 gold).
 27557 | Vaults:3 | Bought 2 potions of cancellation for 336 gold pieces
 27557 | Vaults:3 | 27557 ||| BUYING potion of curing (63 gold).
 27557 | Vaults:3 | Bought a potion of curing for 63 gold pieces
 27557 | Vaults:3 | 27557 ||| BUYING potion of might (84 gold).
 27557 | Vaults:3 | Bought a potion of might for 84 gold pieces
 27557 | Vaults:3 | 27557 ||| BUYING potion of mutation (168 gold).
 27557 | Vaults:3 | Bought a potion of mutation for 168 gold pieces
 27573 | Vaults:3 | 27573 ||| INVOKING Heroism.
 27578 | Vaults:3 | 27578 ||| Stepping ~*~*~tactically~*~*~ (outnumbered).
 27580 | Vaults:3 | 27580 ||| Stepping ~*~*~tactically~*~*~ (outnumbered).
 27627 | Vaults:3 | 27627 ||| INVOKING Heroism.
 27630 | Vaults:3 | Received a gift from Okawaru
 27794 | Vaults:3 | 27794 ||| SWAPPING to +0 triple crossbow of flaming.
 27795 | Vaults:3 | 27795 ||| DROPPING +9 longbow of draining.
 27942 | Vaults:3 | 27942 ||| Stepping ~*~*~tactically~*~*~ (outnumbered).
 27944 | Vaults:3 | 27944 ||| Stepping ~*~*~tactically~*~*~ (outnumbered).
 27946 | Vaults:3 | 27946 ||| Stepping ~*~*~tactically~*~*~ (outnumbered).
 27948 | Vaults:3 | 27948 ||| Stepping ~*~*~tactically~*~*~ (outnumbered).
 28115 | Vaults:3 | Identified the +5 dagger of Durable Punishment {heavy, rN+}
 28339 | Vaults:3 | 28339 ||| Stepping ~*~*~tactically~*~*~ (outnumbered).
 28496 | Vaults:3 | 28496 ||| INVOKING Heroism.
 28498 | Vaults:3 | 28498 ||| INVOKING Finesse.
 29013 | Vaults:3 | 29013 ||| READING 19 scrolls of identify.
 29013 | Vaults:3 | 29013 ||| IDENTIFYING fuming emerald potion
 29014 | Vaults:3 | 29014 ||| DROPPING potion of lignification.
 29040 | Vaults:4 | 29040 ||| Stepping ~*~*~tactically~*~*~ (outnumbered).
 29083 | Vaults:4 | Identified the +2 chain mail "Keomais" {rElec rC+ Int+4
                  | Stlth+}
 29176 | Vaults:4 | 29176 ||| INVOKING Finesse.
 29419 | Vaults:4 | Found a runed translucent door.
 29431 | Vaults:4 | 29431 ||| Stepping ~*~*~tactically~*~*~ (outnumbered).
 29433 | Vaults:4 | Reached skill level 21 in Ranged Weapons
 29642 | Vaults:4 | 29642 ||| INVOKING Heroism.
 29647 | Vaults:4 | Reached XP level 21. HP: 66/153 MP: 26/28
 29672 | Vaults:4 | 29672 ||| INVOKING Heroism.
 29673 | Vaults:4 | 29673 ||| Stepping ~*~*~tactically~*~*~ (outnumbered).
 29923 | Vaults:4 | Reached ****** piety under Okawaru
 30121 | Vaults:4 | Identified the +7 dagger of the Meager God {flame, Drain
                  | +Blink rElec}
 30294 | Vaults:4 | 30294 ||| PLANNING SPIDER:4
 30766 | Spider:4 | Entered Level 4 of the Spider Nest
 30768 | Spider:4 | Reached skill level 15 in Dodging
 30774 | Spider:4 | 30774 ||| FLEEEEING.
 30776 | Spider:4 | 30776 ||| FLEEEEING.
 30778 | Spider:4 | 30778 ||| STAIRDANCE
 30852 | Spider:4 | 30852 ||| STAIRDANCE
 31035 | Spider:4 | 31035 ||| Stepping ~*~*~tactically~*~*~ (outnumbered).
 31037 | Spider:4 | 31037 ||| Stepping ~*~*~tactically~*~*~ (outnumbered).
 31145 | Spider:4 | Identified the +0 kite shield of Ulek {Rampage rC+ Dex+3}
                  | (Okawaru gifted it to you on level 4 of the Spider Nest)
 31145 | Spider:4 | Received a gift from Okawaru
 31223 | Spider:4 | 31223 ||| Stepping ~*~*~tactically~*~*~ (outnumbered).
 31227 | Spider:4 | 31227 ||| Stepping ~*~*~tactically~*~*~ (outnumbered).
 31249 | Spider:4 | 31249 ||| INVOKING Heroism.
 31328 | Spider:4 | 31328 ||| INVOKING Finesse.
 31428 | Spider:4 | 31428 ||| INVOKING Heroism.
 31445 | Spider:4 | HP: 30/153 [disintegration (31)]
 31446 | Spider:4 | 31446 ||| READING 7 scrolls of teleportation.
 31447 | Spider:4 | 31447 ||| DRINKING potion of heal wounds.
 31657 | Spider:4 | 31657 ||| FLEEEEING.
 31665 | Spider:4 | 31665 ||| STAIRDANCE
 31691 | Spider:3 | 31691 ||| FLEEEEING.
 31694 | Spider:3 | 31694 ||| STAIRDANCE
 31726 | Spider:4 | 31726 ||| Stepping ~*~*~tactically~*~*~ (outnumbered).
 31728 | Spider:4 | 31728 ||| Stepping ~*~*~tactically~*~*~ (outnumbered).
 31735 | Spider:4 | 31735 ||| DRINKING 14 potions of curing.
 31735 | Spider:4 | 31735 ||| (to cure confusion)
 31789 | Spider:4 | 31789 ||| Stepping ~*~*~tactically~*~*~ (outnumbered).
 31799 | Spider:4 | 31799 ||| INVOKING Heroism.
 31809 | Spider:4 | HP: 26/153 [meliai/divine providence (14)]
 31809 | Spider:4 | HP: 10/153 [wolf spider (16)]
 31810 | Spider:4 | 31810 ||| READING 7 scrolls of teleportation.
 31853 | Spider:4 | 31853 ||| INVOKING Heroism.
 31937 | Spider:4 | 31937 ||| INVOKING Heroism.
 32514 | Spider:4 | Got a gossamer rune of Zot
 32559 | Spider:4 | 32559 ||| INVOKING Finesse.
 32760 | Spider:4 | 32760 ||| PLANNING DEPTHS
 32760 | Spider:4 | 32760 ||| DROPPING scarf of harm.
 32761 | Spider:4 | 32761 ||| DROPPING +1 pair of boots of flying.
 33127 | Depths:1 | Entered Level 1 of the Depths
 33161 | Depths:1 | 33161 ||| INVOKING Heroism.
 33258 | Depths:1 | 33258 ||| Stepping ~*~*~tactically~*~*~ (outnumbered).
 33265 | Depths:1 | Noticed Nikola
 33298 | Depths:1 | 33298 ||| INVOKING Heroism.
 33402 | Depths:1 | 33402 ||| INVOKING Heroism.
 33403 | Depths:1 | 33403 ||| INVOKING Finesse.
 33531 | Depths:1 | Found a gateway to Hell.
 33548 | Depths:1 | 33548 ||| FLEEEEING.
 33549 | Depths:1 | 33549 ||| FLEEEEING.
 33550 | Depths:1 | 33550 ||| FLEEEEING.
 33648 | Depths:1 | 33648 ||| Stepping ~*~*~tactically~*~*~ (outnumbered).
 33649 | Depths:1 | 33649 ||| Stepping ~*~*~tactically~*~*~ (outnumbered).
 34055 | Depths:1 | 34055 ||| INVOKING Finesse.
 34107 | Depths:1 | 34107 ||| READING scroll of enchant weapon.
 34107 | Depths:1 | 34107 ||| ENCHANTING +0 triple crossbow of flaming.
 34358 | Depths:2 | 34358 ||| Stepping ~*~*~tactically~*~*~ (outnumbered).
 34364 | Depths:2 | Reached XP level 22. HP: 121/161 MP: 29/29
 34364 | Depths:2 | 34364 ||| Stepping ~*~*~tactically~*~*~ (outnumbered).
 34368 | Depths:2 | Reached skill level 24 in Fighting
 34385 | Depths:2 | Identified the +2 quarterstaff of Untimely Demise {heavy,
                  | *Corrode rN++ Dex+5} (Okawaru gifted it to you on level 2
                  | of the Depths)
 34385 | Depths:2 | Received a gift from Okawaru
 34542 | Depths:2 | 34542 ||| Stepping ~*~*~tactically~*~*~ (outnumbered).
 34544 | Depths:2 | 34544 ||| Stepping ~*~*~tactically~*~*~ (outnumbered).
 34595 | Depths:2 | Found a one-way gate leading to the halls of Pandemonium.
 34601 | Depths:2 | Noticed a juggernaut
 34602 | Depths:2 | 34602 ||| INVOKING Heroism.
 34603 | Depths:2 | 34603 ||| INVOKING Finesse.
 34614 | Depths:2 | Killed a juggernaut
 34679 | Depths:2 | Noticed a golden dragon
 34680 | Depths:2 | 34680 ||| INVOKING Heroism.
 34682 | Depths:2 | 34682 ||| Stepping ~*~*~tactically~*~*~ (outnumbered).
 34691 | Depths:2 | Killed a golden dragon
 34834 | Depths:2 | 34834 ||| INVOKING Heroism.
 35003 | Depths:2 | You are sucked into a shaft and drop 2 floors!
 35003 | Depths:4 | Entered Level 4 of the Depths
 35014 | Depths:4 | 35014 ||| INVOKING Heroism.
 35097 | Depths:4 | 35097 ||| Stepping ~*~*~tactically~*~*~ (outnumbered).
 35145 | Depths:4 | 35145 ||| INVOKING Heroism.
 35190 | Depths:4 | 35190 ||| DROPPING +1 cloak.
 35191 | Depths:4 | 35191 ||| DROPPING +3 ring mail of positive energy.
 35192 | Depths:4 | 35192 ||| DROPPING scarf of shadows.
 35234 | Depths:3 | Received a gift from Okawaru
 35335 | Depths:3 | 35335 ||| INVOKING Heroism.
 35336 | Depths:3 | 35336 ||| INVOKING Finesse.
 35420 | Depths:2 | 35420 ||| INVOKING Heroism.
 35478 | Depths:2 | Reached skill level 25 in Fighting
 35515 | Depths:2 | 35515 ||| INVOKING Heroism.
 35634 | Depths:2 | 35634 ||| INVOKING Heroism.
 35762 | Depths:2 | 35762 ||| INVOKING Heroism.
 35766 | Depths:2 | 35766 ||| Stepping ~*~*~tactically~*~*~ (cloud).
 35768 | Depths:2 | 35768 ||| Stepping ~*~*~tactically~*~*~ (cloud).
 35952 | Depths:2 | 35952 ||| DROPPING amulet of magic regeneration.
 36102 | Depths:3 | 36102 ||| FLEEEEING.
 36103 | Depths:3 | 36103 ||| FLEEEEING.
 36133 | Depths:3 | Found Xaafuuv's Armour Boutique.
 36189 | Depths:3 | 36189 ||| INVOKING Heroism.
 36254 | Depths:3 | Found a corrupted altar of Lugonu.
 36254 | Depths:3 | Found a one-way gate to the infinite horrors of the Abyss.
 36543 | Depths:3 | 36543 ||| INVOKING Finesse.
 36785 | Depths:3 | 36785 ||| DROPPING +1 pair of boots.
 36881 | Depths:4 | Found a portal to a secret trove of treasure.
 36892 | Depths:4 | 36892 ||| FLEEEEING.
 36984 | Depths:4 | Reached XP level 23. HP: 169/170 MP: 30/30
 36999 | Depths:4 | 36999 ||| INVOKING Heroism.
 37003 | Depths:4 | 37003 ||| INVOKING Finesse.
 37052 | Depths:4 | Found a basalt altar of Yredelemnul.
 37114 | Depths:4 | Noticed a golden dragon
 37115 | Depths:4 | 37115 ||| INVOKING Heroism.
 37117 | Depths:4 | 37117 ||| INVOKING Finesse.
 37126 | Depths:4 | Killed a golden dragon
 37127 | Depths:4 | Reached skill level 18 in Dodging
 37147 | Depths:4 | Noticed a caustic shrike
 37148 | Depths:4 | 37148 ||| INVOKING Heroism.
 37150 | Depths:4 | Noticed a caustic shrike
 37155 | Depths:4 | Killed a caustic shrike
 37155 | Depths:4 | Noticed a caustic shrike
 37158 | Depths:4 | Noticed a caustic shrike
 37159 | Depths:4 | Noticed a caustic shrike
 37162 | Depths:4 | 37162 ||| INVOKING Finesse.
 37162 | Depths:4 | Noticed a caustic shrike
 37163 | Depths:4 | Killed a caustic shrike
 37164 | Depths:4 | Killed a caustic shrike
 37169 | Depths:4 | Killed a caustic shrike
 37169 | Depths:4 | Noticed a caustic shrike
 37170 | Depths:4 | Killed a caustic shrike
 37176 | Depths:4 | Killed a caustic shrike
 37177 | Depths:4 | Killed a caustic shrike
 37266 | Depths:4 | Found a one-way gateway to a ziggurat.
 37353 | Depths:4 | 37353 ||| INVOKING Heroism.
 37368 | Depths:4 | Received a gift from Okawaru
 37476 | Depths:4 | Found a white marble altar of Elyvilon.
 37568 | Depths:4 | Found a gate to the Realm of Zot.
 37610 | Depths:4 | 37610 ||| DROPPING ring of ice.
 37647 | Depths:3 | 37647 ||| PLANNING VAULTS:5
 37719 | Depths:3 | Reached skill level 26 in Fighting
 37750 | Depths:3 | 37750 ||| DROPPING +2 cloak.
 38164 | Vaults:5 | Entered Level 5 of the Vaults
 38165 | Vaults:5 | 38165 ||| INVOKING Heroism.
 38187 | Vaults:5 | HP: 38/172 [deep elf high priest/divine providence (12)]
 38188 | Vaults:5 | 38188 ||| READING 8 scrolls of teleportation.
 38189 | Vaults:5 | 38189 ||| DRINKING potion of heal wounds.
 38191 | Vaults:5 | HP: 15/172 [ghostly ironbound preserver/+0 dire flail (22)]
 38193 | Vaults:5 | 38193 ||| READING 7 scrolls of teleportation.
 38197 | Vaults:5 | 38197 ||| READING 6 scrolls of teleportation.
 38200 | Vaults:5 | 38200 ||| READING 5 scrolls of teleportation.
 38203 | Vaults:5 | 38203 ||| READING 4 scrolls of teleportation.
 38204 | Vaults:5 | 38204 ||| INVOKING Heroism.
 38204 | Vaults:5 | HP: 23/172 [stone giant (20)]
 38207 | Vaults:5 | 38207 ||| READING 3 scrolls of teleportation.
 38209 | Vaults:5 | HP: 26/172 [tentacled monstrosity (8)]
 38210 | Vaults:5 | 38210 ||| READING 2 scrolls of teleportation.
 38215 | Vaults:5 | 38215 ||| READING scroll of teleportation.
 38216 | Vaults:5 | HP: 20/172 [phantasmal warrior (6)]
 38221 | Vaults:5 | 38221 ||| INVOKING Finesse.
 38222 | Vaults:5 | 38222 ||| INVOKING Heroism.
 38234 | Vaults:5 | HP: 43/172 [tentacled monstrosity (2)]
 38239 | Vaults:5 | HP: 36/172 [quicksilver dragon (12)]
 38244 | Vaults:5 | HP: 38/172 [tengu reaver/+0 long sword of holy wrath (3)]
 38250 | Vaults:5 | HP: 33/172 [tengu reaver/+0 long sword of holy wrath (8)]
 38258 | Vaults:5 | 38258 ||| INVOKING Heroism.
 38260 | Vaults:5 | Reached skill level 15 in Armour
 38291 | Vaults:5 | 38291 ||| INVOKING Heroism.
 38300 | Vaults:5 | Received a gift from Okawaru
 38301 | Vaults:5 | 38301 ||| INVOKING Finesse.
 38343 | Vaults:5 | 38343 ||| INVOKING Heroism.
 38421 | Vaults:5 | 38421 ||| INVOKING Heroism.
 38494 | Vaults:5 | 38494 ||| INVOKING Heroism.
 38553 | Vaults:5 | 38553 ||| INVOKING Heroism.
 38556 | Vaults:5 | Reached XP level 24. HP: 103/180 MP: 29/31
 38615 | Vaults:5 | 38615 ||| INVOKING Heroism.
 38738 | Vaults:5 | 38738 ||| INVOKING Heroism.
 38739 | Vaults:5 | 38739 ||| Stepping ~*~*~tactically~*~*~ (outnumbered).
 38757 | Vaults:5 | Identified the +5 short sword of Accord {freeze, rElec
                  | rPois Str+6}
 38767 | Vaults:5 | Reached skill level 27 in Fighting
 38785 | Vaults:5 | 38785 ||| INVOKING Heroism.
 38801 | Vaults:5 | HP: 32/181 [titan/the air (18)]
 38806 | Vaults:5 | HP: 36/181 [freezing wraith (4)]
 38808 | Vaults:5 | HP: 17/181 [vault guard/+3 bardiche (4)]
 38810 | Vaults:5 | HP: 2/181 [deep troll[an ironbound preserver] (8)]
 38810 | Vaults:5 | Mangled by a deep troll

Levels and vault maps discovered:
D:1:      saegor_arrival_miasma, layout_loops_corners, serial_shops, shop, shop,
          nicolae_shop_overgrown_old_shop, minivault_27, bh_walls_and_bars
D:2:      layout_rooms, minivault_14, kennysheep_crisscross, grunt_ministairs_14
D:3:      layout_rooms, dreamdust_princess_bridge, chequers_garden
D:4:      layout_basic, worldfamousw_hep_ancestral_shrine, uniq_sigmund,
          uniq_eustachio, uniq_duvessa, uniq_pikel
D:5:      layout_gridville, chequers_temple_overflow_minitemple,
          uniq_prince_ribbit1, uniq_menkaure
D:6:      layout_basic, mainiacjoe_overflow_concentric_impassable,
          nicolae_temple_entry_ecumenical, serial_shops, shop
D:7:      layout_basic, grunt_temple_overflow_lords_of_destruction,
          lemuel_coloured_pillars_altar, nicolae_overflow_hallway_of_the_gods,
          nicolae_grassy_gnolls
D:8:      layout_basic, nicolae_dithmenos_the_darkroom, serial_shops,
          shop_fountains, uniq_erica, uniq_joseph
D:9:      layout_loops_corners, serial_glass, glass_columns_a, glass_columns_b,
          glass_columns_c, glass_columns_a, glass_columns_c, glass_columns_a,
          enter_bailey_4, uniq_amaemon
D:10:     layout_basic, lemuel_crystal_altar, erik_lair_dragon, uniq_snorg,
          uniq_maurice
D:11:     layout_rooms, minmay_orc_entry_guard_dogs
D:12:     layout_cave_pools, uniq_nergalle
D:13:     layout_gridville, david_vaults_1, gammafunk_ghost_berserking_beasts,
          serial_shops, nicolae_stop_n_shop_1, guppyfry_shop_venom
D:14:     layout_grid_maze, uniq_rupert
D:15:     gammafunk_depths_entry_grave, layout_cave_pods,
          minmay_misc_feat_columns, zin_treasury, uniq_kirke
Temple:   hellmonk_temple_of_storms
Lair:1:   layout_roguey, gauntlet_entry_generic, uniq_harold
Lair:2:   layout_loops_ring, spider_nest_entry_a, enter_volcano_1,
          eino_small_chamber_without_monster,
          hellmonk_guarded_unrand_seven_league_boots, uniq_urug
Lair:3:   layout_gridlike, nicolae_swamp_entry_splash_gauntlet, serial_forest,
          infiniplex_forest_straight_2, infiniplex_forest_clump_diagonal,
          infiniplex_forest_end_3, infiniplex_forest_clump_tiny,
          infiniplex_forest_straight_2, infiniplex_forest_clump_tiny,
          infiniplex_forest_end_3, infiniplex_forest_lined_ring,
          infiniplex_forest_split
Lair:4:   layout_cave_pods, portal_ice_cave_entry_animals_and_master,
          grunt_megastairs_4
Lair:5:   grunt_lair_end_beastmaster, layout_regular_city, slime_entry_2,
          grunt_megastairs_1, lemuel_fruit_tree
Swamp:1:  layout_basic_swamp, evilmike_swamp_ruin_house_6,
          infiniplex_staircase_pool
Swamp:2:  nicolae_swamp_flooded_prison, layout_basic_swamp
Swamp:3:  layout_basic_swamp, ebering_ghost_reflecting_pool,
          hangedman_swamp_pad, swamp_pool5
Swamp:4:  swamp_alternative, layout_basic_swamp, swamp_pool2, uniq_bai_suzhen
Spider:1: layout_spider_delve, nicolae_spider_solar_radiation
Spider:2: layout_spider_delve, nicolae_spider_jagged_tunnels, uniq_arachne,
          uniq_agnes
Spider:3: cheibrodos_spider_silkery
Spider:4: johnstein_spider_rune_arachne_lair
Orc:1:    dreamdust_wu_jian_sword_trials, layout_caves
Orc:2:    st_orc_rangers, layout_diamond_mine, nicolae_orc_crystal_geode
Vaults:1: nicolae_vaults_doubleplus_tesselated, nicolae_vaults_steering_wheel,
          hangedman_vaults_stream, v_misc_15, nicolae_vaults_house_3,
          nicolae_vaults_trapezoid_lopsided_4,
          nicolae_vaults_variable_pillar_hall, dpeg_vaults_monster_box,
          nicolae_vaults_wine_cellar, ontoclasm_vaults_eye,
          nicolae_vaults_trapezoid_lopsided_4, nicolae_vaults_tetromino_L_1,
          layout_vaults_ring
Vaults:2: minmay_crypt_entry_simple_walls, vaults_mumra_chevron, v_misc_12,
          nicolae_vaults_know_your_exits, nicolae_vaults_tangram_1,
          serial_ice_m, v_misc_3, nicolae_vaults_disjoint_gnomons, v_rooms_5,
          nicolae_vaults_sesquioval_fish, hangedman_vaults_river_flow,
          v_alt_pattern_1, nicolae_vaults_tetromino_L_1, layout_vaults_omnibox,
          uniq_mennas
Vaults:3: v_alt_pattern_4, nicolae_vaults_network_quincunx
          [nicolae_vaults_network_quincunx_subvault,
          nicolae_vaults_network_quincunx_subvault,
          nicolae_vaults_network_quincunx_subvault,
          nicolae_vaults_network_quincunx_subvault,
          nicolae_vaults_network_quincunx_subvault], v_misc_32, v_rooms_4,
          nicolae_vaults_two_Ls, v_misc_16, v_alt_pattern_5,
          vaults_dpeg_emergency_exit, nicolae_vaults_network_square, v_misc_9,
          nicolae_vaults_trapezoid_3, nicolae_vaults_tetromino_L_2,
          nicolae_vaults_ring_of_whatevers, layout_vaults_big_cross,
          serial_shops, nicolae_shop_industrial_runoff
Vaults:4: ontoclasm_vaults_pinch, v_rooms_5, hangedman_vaults_trim,
          nicolae_vaults_oozy_zoo, v_misc_4, nicolae_vaults_diamond_2,
          nicolae_vaults_network_s, v_pattern_4, ontoclasm_vaults_ring_small,
          vaults_room_corners, nicolae_vaults_rhombus_6,
          nicolae_vaults_circle_grid_a, layout_vaults_maze_snakey
Vaults:5: serial_shops
Depths:1: layout_basic, interstate_on_off, grunt_mini_vestibule, minislime_mu,
          uniq_nikola
Depths:2: minmay_swirls_squares, layout_gridlike, hell_entry,
          serial_bayou_ford_a, pan_entry
Depths:3: cheibrodos_quadrivalence, layout_gridlike, abyss_entry_flame_altar,
          hell_entry, serial_shops, nicolae_square_shop,
          grunt_pan_entry_in_and_out
Depths:4: grunt_zot_entry_gee_three, layout_gridville, enter_ziggurat_a,
          nicolae_trove_entry_crossroad, nicolae_elyvilon_temple_path,
          hangedman_abyss_entry_splay, hell_entry, drop_trap,
          nicolae_yredelemnul_corpse_copse

Skill      XL: |  1  2  3  4  5  6  7  8  9 10 11 12 13 14 15 16 17 18 19 20 21 22 23 24 |
---------------+-------------------------------------------------------------------------+-----
Ranged Weapons | 3 5 6 9 11 12 14 17 19 20 21 22 | 22.0
Fighting       | 2 3 6 7 8 9 10 11 12 13 16 18 20 22 23 25 26 27 | 27.0
Armour         | 3 4 5 6 7 9 10 11 12 13 14 15 | 15.0
Dodging        | 3 4 5 6 7 9 10 12 13 14 16 17 18 | 18.2
Invocations    | 4 9 10 11 | 11.6
Spellcasting   | |  1.0
Hexes          | |  2.6

Action                     |  1- 3 |  4- 6 |  7- 9 | 10-12 | 13-15 | 16-18 | 19-21 | 22-24 || total
---------------------------+-------+-------+-------+-------+-------+-------+-------+-------++-------
   Fire: Sling             |    56 |       |       |       |       |       |       |       ||    56
         Arbalest          |    24 |    77 |   166 |   258 |       |       |       |       ||   525
         Longbow           |       |       |       |    28 |  1042 |  1678 |   831 |       ||  3579
         Triple crossbow   |       |       |       |       |       |       |   752 |  1123 ||  1875
 Invoke: Heroism           |       |       |       |     4 |    21 |    38 |    24 |    27 ||   114
         Finesse           |       |       |       |     2 |     5 |    11 |    11 |     8 ||    37
    Use: Scroll            |     4 |     7 |     4 |     5 |    10 |     3 |     8 |     8 ||    49
         Potion            |       |     1 |     1 |     6 |     2 |     3 |     6 |     1 ||    20
 Armour: Robe              |    11 |     3 |       |       |       |       |       |       ||    14
         Ring mail         |       |     5 |    19 |       |       |       |       |       ||    24
         Leather armour    |       |     5 |       |       |       |       |       |       ||     5
         Steam dragon scal |       |       |    16 |    43 |       |       |       |       ||    59
         Troll leather arm |       |       |       |    17 |   202 |   397 |   539 |   435 ||  1590
  Dodge: Dodged            |    17 |    11 |    36 |    78 |   367 |   874 |  1484 |  1357 ||  4224
         Repelled          |       |     1 |       |     3 |     4 |     8 |     7 |    13 ||    36
  Block: Other             |       |     5 |    19 |    23 |   113 |   212 |   317 |   254 ||   943
         Reflection        |       |       |     1 |     5 |     3 |    14 |     9 |     3 ||    35

Table legend:
 A = Non-vault XP
 B = Vault XP
 C = Vault XP percentage of total XP
 D = Non-vault monster count
 E = Vault monster count
 F = Vault count percentage of total count
                 A         B        C        D         E       F
            +---------+---------+-------+---------+---------+-------
      Total |  477225 |  378454 |  44.2 |    1108 |     558 |  33.5
            +---------+---------+-------+---------+---------+-------
        D:1 |      36 |       0 |   0.0 |      19 |       0 |   0.0
        D:2 |      46 |       4 |   8.0 |      18 |       2 |  10.0
        D:3 |      28 |       0 |   0.0 |       7 |       0 |   0.0
        D:4 |      94 |    1208 |  92.8 |      12 |       5 |  29.4
        D:5 |     304 |     439 |  59.1 |      12 |       2 |  14.3
        D:6 |    1169 |       0 |   0.0 |      13 |       0 |   0.0
        D:7 |     713 |     197 |  21.6 |      12 |       6 |  33.3
        D:8 |     721 |    1292 |  64.2 |       9 |       2 |  18.2
        D:9 |    4057 |    1163 |  22.3 |      40 |       7 |  14.9
       D:10 |    2082 |    2486 |  54.4 |      17 |       7 |  29.2
       D:11 |    3759 |     176 |   4.5 |      11 |       1 |   8.3
       D:12 |    5093 |     779 |  13.3 |      19 |       1 |   5.0
       D:13 |    7336 |    5337 |  42.1 |      19 |       8 |  29.6
       D:14 |   10715 |    1798 |  14.4 |      24 |       1 |   4.0
       D:15 |    9927 |    5274 |  34.7 |      20 |       9 |  31.0
     Lair:1 |    7227 |     889 |  11.0 |      31 |       1 |   3.1
     Lair:2 |    6706 |    2721 |  28.9 |      24 |       6 |  20.0
     Lair:3 |    7296 |    1617 |  18.1 |      19 |       4 |  17.4
     Lair:4 |   12188 |    4198 |  25.6 |      31 |      17 |  35.4
     Lair:5 |   24519 |   11874 |  32.6 |      53 |      27 |  33.8
    Swamp:1 |   16500 |       0 |   0.0 |      29 |       0 |   0.0
    Swamp:2 |   13283 |   14084 |  51.5 |      29 |      23 |  44.2
    Swamp:3 |   16326 |    1884 |  10.3 |      37 |       5 |  11.9
    Swamp:4 |   16905 |   18572 |  52.3 |      28 |      26 |  48.1
   Spider:1 |   15876 |    3196 |  16.8 |      37 |       4 |   9.8
   Spider:2 |   16885 |    8144 |  32.5 |      44 |       9 |  17.0
   Spider:3 |   14827 |    4677 |  24.0 |      44 |      11 |  20.0
   Spider:4 |   17672 |   28930 |  62.1 |      44 |      46 |  51.1
      Orc:1 |    3557 |       0 |   0.0 |      46 |       0 |   0.0
      Orc:2 |    4580 |    5522 |  54.7 |      34 |      39 |  53.4
   Vaults:1 |   20880 |   13887 |  39.9 |      39 |      21 |  35.0
   Vaults:2 |   19038 |   25617 |  57.4 |      36 |      30 |  45.5
   Vaults:3 |   27801 |   19261 |  40.9 |      43 |      26 |  37.7
   Vaults:4 |   27721 |   25830 |  48.2 |      41 |      35 |  46.1
   Vaults:5 |   22523 |   74827 |  76.9 |      32 |      69 |  68.3
   Depths:1 |   17182 |   10816 |  38.6 |      32 |      13 |  28.9
   Depths:2 |   18685 |   25225 |  57.4 |      26 |      20 |  43.5
   Depths:3 |   37181 |   11572 |  23.7 |      40 |      16 |  28.6
   Depths:4 |   45787 |   40222 |  46.8 |      37 |      44 |  54.3
   Gauntlet |       0 |    4736 | 100.0 |       0 |      15 | 100.0
            +---------+---------+-------+---------+---------+-------
